 Dungeon Crawl Stone Soup version 0.23.2-40-g277498a001 (webtiles) character file.

Game seed: 5710546321615457342

381 Marnok the Poker (level 6, 0/52 HPs)
             Began as a Demonspawn Chaos Knight on Oct 17, 2019.
             Was a Plaything of Xom.
             Succumbed to a worker ant's poison
             ... on level 4 of the Dungeon.
             The game lasted 00:07:54 (2770 turns).

Marnok the Poker (Demonspawn Chaos Knight)          Turns: 2770, Time: 00:07:54

Health: 0/52       AC:  9    Str: 20    XL:     6   Next: 46%
Magic:  1/6        EV: 14    Int: 13    God:    Xom [*.....]
Gold:   90         SH:  0    Dex: 12    Spells: 5/5 levels left

rFire    . . .     SeeInvis .   a - +0 spear (chaos)
rCold    . . .     Gourm    .   (no shield)
rNeg     . . .     Faith    .   b - +2 leather armour
rPois    +         Spirit   +   (no helmet)
rElec    .         Reflect  .   n - scarf {Spirit}
rCorr    .         Harm     .   (no gloves)
MR       .....                  (no boots)
Stlth    +.........             (no amulet)
HPRegen  0.17/turn              d - +4 ring of protection
MPRegen  0.10/turn              (no ring)

@: mighty, lethally poisoned (0 -> -2)
A: hooves 1, repulsion field 1, poison resistance, powered by pain 1, robust 1,
wild magic 1
a: Renounce Religion


You were on level 4 of the Dungeon.
You worshipped Xom.
You were a special plaything of Xom.
You were not hungry.

You visited 1 branch of the dungeon, and saw 4 of its levels.

You collected 90 gold pieces.

Inventory:

Hand Weapons
 a - a +0 spear of chaos (weapon)
Armour
 b - a +2 leather armour (worn)
 n - a scarf of spirit shield (worn)
Jewellery
 d - a +4 ring of protection (left hand)
Wands
 f - a wand of random effects (18)
 l - a wand of acid (5)
Scrolls
 e - a scroll of immolation
 i - a scroll of remove curse
 j - 2 scrolls of identify
Potions
 g - a potion of curing
 k - a potion of degeneration
Comestibles
 c - 5 rations
 h - 4 chunks of flesh


   Skills:
 + Level 4.1 Fighting
 + Level 4.9 Polearms
 + Level 2.8 Armour
 + Level 2.6 Dodging
 + Level 0.6 Stealth


You had 5 spell levels left.
You didn't know any spells.
Your spell library was empty.

Dungeon Overview and Level Annotations

Branches:
Dungeon (4/15)
 Temple: D:4-7

Altars:


Innate Abilities, Weirdness & Mutations

You have large cloven feet.
You are surrounded by a mild repulsion field. (EV +2)
You sometimes gain a little power by taking damage.
Your system is resistant to poisons. (rPois)
You are robust. (+10% HP)
Your spells are a little harder to cast, but a little more powerful.


Message History

You feel sick.
The worker ant bites you but does no damage.
You puncture the worker ant!
The worker ant looks as sick as possible!
The worker ant is almost dead.
You kill the worker ant!
* * * LOW HITPOINT WARNING * * *
You feel sick.
Found 27 stones.
The worm completely misses you.
You barely miss the worm. You kick the worm!
The worm is severely wounded.
You puncture the worm! You freeze the worm.
You kill the worm!
* * * LOW HITPOINT WARNING * * *
You feel sick.
You see here a worm corpse.
You butcher the worm corpse.
You die...
Xom howls with laughter!

........# #...
........######...#
..$..............
#+######...(....#
#........#
#........#
+........#
#........###..
#....@........
#.......####.
#.......###
#####.#...#
#.#.†.# #.#...#
#.#...####
#.#......#
#........+


There were no monsters in sight!

Vanquished Creatures
  An ogre (D:4)
  An iguana (D:4)
  Natasha (thrice) (D:2)
  2 worker ants (D:4)
  A hound skeleton (D:4)
  A gnoll (D:2)
  5 adders
  An ooze (D:1)
  3 worms
  A dart slug (D:1)
  2 leopard geckos (D:1)
  2 orcs
  4 giant cockroaches
  6 goblins
  7 hobgoblins
  6 jackals
  2 quokkas (D:2)
  2 ball pythons
  7 bats
  6 frilled lizards
  5 kobolds
  6 rats
74 creatures vanquished.

Notes
Turn   | Place    | Note
-------+----------+-------------------------------------------
     0 | D:1      | Marnok the Demonspawn Chaos Knight began the quest for the
                  | Orb.
     0 | D:1      | Reached XP level 1. HP: 18/18 MP: 1/1
   150 | D:1      | Gained mutation: You have large cloven feet. [demonic
                  | ancestry]
   150 | D:1      | Reached XP level 2. HP: 14/24 MP: 2/2
   203 | D:1      | XOM: divination: magic mapping
   616 | D:1      | XOM: cast spell 'Summon Butterflies'
   857 | D:2      | Gained mutation: You sometimes gain a little power by
                  | taking damage. [demonic ancestry]
   857 | D:2      | Reached XP level 3. HP: 26/29 MP: 3/3
  1151 | D:2      | Noticed Natasha
  1157 | D:2      | Killed Natasha
  1157 | D:2      | Gained mutation: You are surrounded by a mild repulsion
                  | field. (EV +2) [demonic ancestry]
  1157 | D:2      | Reached XP level 4. HP: 31/37 MP: 4/4
  1184 | D:2      | XOM: silly message
  1295 | D:2      | XOM: harmless Erth miscast
  1395 | D:2      | Reached skill level 1 in Dodging
  1418 | D:2      | Noticed Natasha
  1426 | D:2      | Killed Natasha
  1544 | D:2      | XOM: medium Fire miscast
  1769 | D:2      | Reached XP level 5. HP: 31/42 MP: 5/5
  1946 | D:2      | Noticed Natasha
  1946 | D:2      | XOM: swap monsters
  1959 | D:2      | Killed Natasha
  2051 | D:2      | XOM: mild Conj miscast
  2290 | D:3      | Gained mutation: You are robust. (+10% HP) [potion of
                  | mutation]
  2290 | D:3      | Gained mutation: Your spells are a little harder to cast,
                  | but a little more powerful. [potion of mutation]
  2290 | D:3      | Gained mutation: Your system is resistant to poisons.
                  | (rPois) [potion of mutation]
  2291 | D:3      | HP: 2/46 [asphyx]
  2739 | D:4      | XOM: 3-stop teleportation journey
  2740 | D:4      | Noticed an ogre
  2744 | D:4      | XOM: smoke on damage
  2748 | D:4      | Killed an ogre
  2748 | D:4      | Reached XP level 6. HP: 14/52 MP: 1/6
  2763 | D:4      | HP: 2/52 [poisoned by a worker ant]
  2768 | D:4      | HP: 1/52 [poisoned by a worker ant]
  2770 | D:4      | Succumbed to a worker ant's poison

Skill      XL: |  1  2  3  4  5 |
---------------+----------------+-----
Polearms       | 3 4 |  4.9
Armour         | 2 |  2.8
Dodging        | 1 2 |  2.6
Fighting       | 4 |  4.1
Stealth        | |  0.6

Action                   |  1- 3 |  4- 6 || total
-------------------------+-------+-------++-------
Melee: Spear             |   102 |   165 ||   267
       Kick              |     8 |    40 ||    48
  Use: Scroll            |       |     7 ||     7
       Potion            |       |     3 ||     3
 Stab: Petrifying        |       |     1 ||     1
       Paralysed         |       |     1 ||     1
  Eat: Chunk             |     1 |     5 ||     6
Armor: Leather armour    |    48 |    67 ||   115
Dodge: Dodged            |    61 |   142 ||   203
